 Dungeon Crawl Stone Soup version 0.30-a0-222-ge547ba4400 (webtiles) character file.

Game seed: 2704522460606683129

3663 BlueGoblin the Scholar of Death (level 9, -5/66 HPs)
             Began as a Demonspawn Necromancer on Oct 8, 2022.
             Was a Follower of Kikubaaqudgha.
             Slain by a two-headed ogre
             ... wielding a +0 giant club
              (21 damage)
             ... on level 8 of the Dungeon.
             The game lasted 00:21:45 (7438 turns).

BlueGoblin the Scholar of Death (DsNe)              Turns: 7438, Time: 00:21:47

Health: -5/66      AC:  9    Str:  7    XL:     9   Next: 89%
Magic:  19/21      EV: 17    Int: 20    God:    Kikubaaqudgha [*.....]
Gold:   484        SH:  0    Dex: 16    Spells: 13/25 levels left

rFire   . . .      SeeInvis +    x - +4 sling of Propriety {flame, Will++ Str-2 Dex+2 SInv}
rCold   . . .      Faith    .    (no shield)
rNeg    . . .      Spirit   .    h - +0 steam dragon scales
rPois   +          Reflect  .    (helmet restricted)
rElec   .          Harm     .    p - +0 cloak
rCorr   .          Rampage  .    (no gloves)
Will    ++...                    q - +1 pair of boots
Stlth   ++........               k - amulet of the acrobat
HPRegen 0.31/turn                C - ring of poison resistance
MPRegen 0.17/turn                c - +4 ring of evasion

@: confusing by touch
A: antennae 1, rugged brown scales 1, demonic magic 2
a: Renounce Religion, Unearth Wretches


You were on level 8 of the Dungeon.
You worshipped Kikubaaqudgha.
Kikubaaqudgha was aware of your devotion.
You visited 2 branches of the dungeon, and saw 9 of its levels.

You collected 484 gold pieces.

Inventory:

Hand Weapons
 f - a +1 vorpal quarterstaff
 x - the +4 sling of Propriety (weapon) {flame, Will++ Str-2 Dex+2 SInv}
   (You found it on level 6 of the Dungeon)

   Any ammunition fired from it burns those it strikes, dealing additional fire
   damage.
   Str:       It affects your strength (-2).
   Dex:       It affects your dexterity (+2).
   SInv:      It lets you see invisible.
   Will:      It greatly increases your willpower.
 y - a +5 scimitar of freezing
 F - a +1 dagger of pain
Missiles
 i - a throwing net
Armour
 h - +0 steam dragon scales (worn)
 p - a +0 cloak (worn)
 q - a +1 pair of boots (worn)
Jewellery
 c - a +4 ring of evasion (right hand)
 k - an amulet of the acrobat (around neck)
 l - a ring of fire
 C - a ring of poison resistance (left hand)
Wands
 r - a wand of polymorph (8)
 t - a wand of roots (11)
 A - a wand of flame (22)
Scrolls
 a - a scroll of vulnerability
 d - 3 scrolls of poison
 e - 6 scrolls of fear
 g - a scroll of enchant armour
 o - 2 scrolls of enchant weapon
 w - a scroll of magic mapping
 D - 2 scrolls of teleportation
Potions
 b - 2 potions of magic
 j - 2 potions of invisibility
 m - a potion of might
 n - 2 potions of flight
 s - 6 potions of curing
 u - 2 potions of attraction {unknown}
 v - 4 potions of cancellation
 z - a potion of lignification {unknown}
 B - a potion of resistance {unknown}
 E - a potion of berserk rage {unknown}


   Skills:
 + Level 3.9 Fighting
 + Level 3.7 Dodging
 - Level 1.7 Stealth
 + Level 8.6 Spellcasting
 + Level 2.7 Hexes
 + Level 10.7 Necromancy


You had 13 spell levels left.
You knew the following spells:

 Your Spells              Type           Power      Damage    Failure   Level
a - Vampiric Draining     Necr           51%        2d9       1%          3
q - Necrotise             Necr           100%       1d9       1%          1
s - Confusing Touch       Hex            19%        N/A       8%          3
w - Slow                  Hex            76%        N/A       2%          1
x - Animate Dead          Necr           51%        N/A       1%          4

Your spell library contained the following spells:

 Spells                   Type           Power      Damage    Failure   Level
 Sublimation of Blood     Necr           51%        N/A       1%          2
 Cigotuvi's Dreadful Rot  Necr/Pois/Air  44%        N/A       2%          2
 Agony                    Necr           51%        N/A       2%          5
 Ensorcelled Hibernation  Hex/Ice        28%        N/A       7%          2
 Passwall                 Tmut/Erth      6%         N/A       12%         2
 Ignite Poison            Fire/Tmut/Pois 8%         N/A       24%         3
 Kindle Blastsparks       Fire/Tloc/Air  16%        2d11      24%         3
 Swiftness                Air            8%         N/A       24%         3
 Freezing Cloud           Conj/Ice/Air   4%         6-21      92%         5


Dungeon Overview and Level Annotations

Branches:
Dungeon (8/15)             Temple (1/1) D:5
   Lair: D:8-11

Altars:
Ashenzari
Cheibriados
Dithmenos
Fedhas
Gozag
Hepliaklqana
Kikubaaqudgha
Makhleb
Qazlal
Ru
Sif Muna
Uskayaw
Vehumet
Wu Jian
Xom
Yredelemnul

Shops:
D:1 :   D:3 [   D:4 (   D:7 (


Innate Abilities, Weirdness & Mutations

You have a pair of small antennae on your head.
You are partially covered in rugged brown scales. (AC +1, +3% HP)
Spells you cast may paralyse nearby enemies.


Message History

You shoot a sling bullet.
The sling bullet hits the two-headed ogre!
The sling bullet burns the two-headed ogre.
The two-headed ogre is moderately wounded.
The two-headed ogre is no longer paralysed.
The two-headed ogre hits you with a +0 giant club!
The two-headed ogre misses you.
Your orc priest zombie hits the two-headed ogre.
Unknown command.
You shoot a sling bullet.
The sling bullet hits the two-headed ogre.
The sling bullet burns the two-headed ogre.
The two-headed ogre is heavily wounded.
The two-headed ogre barely misses you.
The two-headed ogre hits you with a +0 giant club!!
* * * LOW HITPOINT WARNING * * *
Your orc priest zombie hits the two-headed ogre but does no damage.
Unknown command.
Okay, then.
You shoot a sling bullet.
The sling bullet barely misses the two-headed ogre.
Your orc priest zombie hits the two-headed ogre.
The two-headed ogre closely misses you. x2
You shoot a sling bullet.
The sling bullet hits the two-headed ogre.
The sling bullet burns the two-headed ogre.
The two-headed ogre is heavily wounded.
Your orc priest zombie hits the two-headed ogre but does no damage.
The two-headed ogre hits your orc priest zombie with a +0 giant club!! x2
Your orc priest zombie is destroyed!
The two-headed ogre shouts in stereo!
Unknown command.
You shoot a sling bullet.
The sling bullet hits the two-headed ogre.
The sling bullet burns the two-headed ogre.
The two-headed ogre is severely wounded.
The two-headed ogre misses you.
The two-headed ogre hits you with a +0 giant club!!
You die...
Kikubaaqudgha rasps: "You have failed me!
Welcome... death!"

#........#
..).....##
.)....... #))......
#.## ####..######
#...........
#.O########. #.@#..
#..#.### #..#.#..
#..#.#.####
#..#.#.#.. #### #
##..#.#.#.##...#
#.# #...#.#.#.#.##
#.#
.......#.#.#.#.()#
#.#
####.#.#.#.#.##(#.#
#.


You could see a two-headed ogre.

Vanquished Creatures
  A deep elf pyromancer (D:8)
  The ghost of kirikocho the Trooper, an amateur OpCK of Xom (D:3)
  Prince Ribbit (D:5)
  Sigmund (D:2)
  A human (shapeshifter) (D:8)
  2 steam dragons
  2 water moccasins
  An ice beast (D:6)
  A black bear (D:7)
  A sky beast (D:6)
  A phantom (D:7)
  A kobold brigand (D:8)
  5 bullfrogs
  4 scorpions
  4 wights (D:7)
  2 howler monkeys
  2 hounds
  2 orc priests
  2 iguanas
  3 orc wizards
  2 gnolls (D:4)
  8 adders
  2 shadow imps
  2 white imps (D:7)
  2 ufetubi (D:5)
  2 dart slugs
  21 orcs
  6 ball pythons
  8 endoplasms
  6 giant cockroaches
  8 goblins
  6 hobgoblins
  4 jackals (D:3)
  11 kobolds
  2 quokkas
  6 bats
  4 frilled lizards
  5 rats
143 creatures vanquished.

Vanquished Creatures (collateral kills)
  A steam dragon (D:6)
  An orc warrior (D:8)
  A phantom (D:4)
  A hound (D:6)
  An orc wizard (D:8)
  A gnoll (D:4)
  An orc (D:8)
  An endoplasm (D:3)
  A rat (D:1)
9 creatures vanquished.

Vanquished Creatures (others)
  A scorpion zombie (D:5)
  3 orc zombies (D:8)
  8 fungi (D:3)
  5 toadstools (D:3)
17 creatures vanquished.

Grand Total: 169 creatures vanquished

Notes
Turn   | Place    | Note
-------+----------+-------------------------------------------
     0 | D:1      | BlueGoblin the Demonspawn Necromancer began the quest for
                  | the Orb.
     0 | D:1      | Reached XP level 1. HP: 13/13 MP: 3/3
    12 | D:1      | Found Esixkade's Vocational Training.
   202 | D:1      | Gained mutation: You have a pair of small antennae on your
                  | head. [demonic ancestry]
   202 | D:1      | Reached XP level 2. HP: 19/19 MP: 3/5
   401 | D:1      | Reached skill level 5 in Necromancy
  1081 | D:2      | Found a sacrificial altar of Ru.
  1104 | D:2      | Reached XP level 3. HP: 23/24 MP: 0/6
  1108 | D:2      | Learned a level 3 spell: Vampiric Draining
  1495 | D:2      | Noticed Sigmund
  1547 | D:2      | Killed Sigmund
  1548 | D:2      | Reached skill level 1 in Fighting
  1548 | D:2      | Reached skill level 6 in Necromancy
  1548 | D:2      | Gained mutation: Spells you cast may paralyse adjacent
                  | enemies. [demonic ancestry]
  1548 | D:2      | Reached XP level 4. HP: 19/32 MP: 2/9
  1548 | D:2      | Reached XP level 5. HP: 22/37 MP: 2/10
  1798 | D:3      | Learned a level 3 spell: Confusing Touch
  2119 | D:3      | Reached XP level 6. HP: 43/43 MP: 9/12
  2200 | D:3      | Found Ecuklosh's Antique Armour Boutique.
  2298 | D:3      | Found a large runed translucent door.
  2299 | D:3      | Found a large runed translucent door.
  2303 | D:3      | Noticed kirikocho's ghost (amateur OpCK)
  2464 | D:3      | Found a faded altar of an unknown god.
  2639 | D:3      | Killed kirikocho's ghost
  2640 | D:3      | Reached skill level 1 in Hexes
  2755 | D:4      | Reached skill level 7 in Necromancy
  2755 | D:4      | Gained mutation: You are partially covered in rugged brown
                  | scales. (AC +1, +3% HP) [demonic ancestry]
  2755 | D:4      | Reached XP level 7. HP: 39/49 MP: 7/14
  2889 | D:4      | Found a blossoming altar of Fedhas.
  2894 | D:4      | Found a stormy altar of Qazlal.
  2900 | D:4      | Found Aggemuw's Weapon Emporium.
  3588 | D:4      | Reached skill level 5 in Spellcasting
  3881 | D:5      | Entered Level 5 of the Dungeon
  4136 | D:5      | Found a staircase to the Ecumenical Temple.
  4150 | Temple   | Entered the Ecumenical Temple
  4434 | Temple   | Became a worshipper of Kikubaaqudgha
  4440 | Temple   | Learned a level 4 spell: Animate Dead
  4442 | Temple   | Learned a level 1 spell: Slow
  4561 | D:5      | Noticed Prince Ribbit
  4608 | D:5      | Killed Prince Ribbit
  4609 | D:5      | Reached skill level 8 in Necromancy
  4609 | D:5      | Reached XP level 8. HP: 29/57 MP: 1/16
  5647 | D:6      | Identified the +4 sling of Propriety {flame, Will++ Str-2
                  | Dex+2 SInv}
  5683 | D:6      | Reached skill level 9 in Necromancy
  5915 | D:6      | Gained mutation: Spells you cast may paralyse nearby
                  | enemies. [demonic ancestry]
  5915 | D:6      | Reached XP level 9. HP: 58/62 MP: 11/20
  6632 | D:7      | Found a sacrificial altar of Ru.
  6899 | D:7      | Found a snail-covered altar of Cheibriados.
  6910 | D:7      | Reached * piety under Kikubaaqudgha
  6910 | D:7      | Received a gift from Kikubaaqudgha
  6982 | D:7      | Found Kami Yse's Weapon Boutique.
  6991 | D:7      | Reached skill level 10 in Necromancy
  7201 | D:8      | Noticed a deep elf pyromancer
  7210 | D:8      | Killed a deep elf pyromancer
  7424 | D:8      | Noticed a two-headed ogre
  7438 | D:8      | Slain by a two-headed ogre

Illustrated notes

Levels and vault maps discovered:
D:1:      dpeg_arrival_long_road, layout_loops_ring, nicolae_shop_vocational
D:2:      layout_rooms, basic_altar, minivault_4, minmay_fountain_box,
          uniq_sigmund
D:3:      layout_rooms, hellmonk_ecumenical_altar_pennies_from_heaven,
          ebering_ghost_disaster_area, serial_shops, nicolae_square_shop,
          minmay_misc_feat_rugged, reono_crystal_passage,
          minmay_misc_feat_nine_boxes, minmay_gold_behind_fungi,
          minmay_misc_feat_columns, solitary_fountain
D:4:      layout_loops_cross, grunt_temple_overflow_forces_of_nature,
          serial_shops, nicolae_take_the_stairs, st_stairs_7,
          hangedman_abyss_or_decor_stabs, kennysheep_donut,
          minmay_misc_feat_more_columns, saegor_snake_ambush
D:5:      layout_basic, minmay_temple_entry_butterflies, uniq_prince_ribbit1
D:6:      layout_loops_ring, kennysheep_generic_room_2
D:7:      layout_rooms, mainiacjoe_overflow_catch_the_wave, serial_shops,
          nicolae_shop_trees, chequers_serial_rivers_small_b
D:8:      minmay_distorted_concentric_squares, layout_basic, special_room
          [special_room_kobold], uniq_joseph
Temple:   dpeg_chambers_temple

Skill      XL: |  1  2  3  4  5  6  7  8  9 |
---------------+----------------------------+-----
Necromancy     | 5 6 7 8 9 10 | 10.7
Fighting       | 1 2 3 |  3.9
Spellcasting   | 3 4 5 7 8 |  8.6
Dodging        | 2 3 |  3.7
Hexes          | 1 2 |  2.7
Stealth        | |  1.7

Action                   |  1- 3 |  4- 6 |  7- 9 || total
-------------------------+-------+-------+-------++-------
Melee: Spear             |    11 |       |       ||    11
       Quarterstaff      |    10 |    22 |    59 ||    91
 Fire: Sling             |       |       |   118 ||   118
 Cast: Necrotise         |    51 |    67 |   186 ||   304
       Vampiric Draining |     1 |       |     4 ||     5
       Confusing Touch   |       |       |     3 ||     3
       Animate Dead      |       |       |     2 ||     2
  Use: Scroll            |     7 |       |     9 ||    16
       Potion            |       |       |     2 ||     2
 Stab: Paralysed         |       |    12 |     3 ||    15
Armor: Robe              |     4 |     9 |    23 ||    36
       Steam dragon scal |       |       |    36 ||    36
Dodge: Dodged            |    23 |    20 |   151 ||   194

Table legend: (Time is in decaauts)
 A = Elapsed time spent in this place.
 B = Non-inter-level travel time spent in this place.
 C = Inter-level travel time spent in this place.
 D = Time resting spent in this place.
 E = Time spent auto-exploring this place.
 F = Levels seen in this place.
 G = Mean time per level.
                   A        B        C        D        E       F      G
               +--------+--------+--------+--------+--------+-----+--------+
         Total |   7534 |   7146 |    388 |    225 |   5604 |   9 |  837.1 |
       Dungeon |   7209 |   6881 |    328 |    225 |   5372 |   8 |  901.1 |
        Temple |    325 |    265 |     60 |      0 |    232 |   1 |  325.0 |
               +--------+--------+--------+--------+--------+-----+--------+

Top non-repeatable levels by time:
     D:4: 1159 daAuts
     D:5: 1067 daAuts
     D:1: 1056 daAuts
     D:3: 1008 daAuts
     D:6: 952 daAuts
     D:7: 909 daAuts
     D:2: 695 daAuts
     D:8: 360 daAuts
  Temple: 325 daAuts
